 Dungeon Crawl Stone Soup version 0.29-a0-857-g9b1aa3ac5b (webtiles) character file.

Game seed: 14329850478371140564

4 mathmaestro the Grave Robber (level 1, 0/13 HPs)
             Began as a Demonspawn Necromancer on July 16, 2022.
             Slain by a gnoll
             ... wielding a +0 club
              (8 damage)
             ... on level 1 of the Dungeon.
             The game lasted 00:00:34 (125 turns).

mathmaestro the Grave Robber (DsNe)                  Turns: 125, Time: 00:00:36

Health: 0/13       AC:  2    Str:  8    XL:     1   Next: 58%
Magic:  3/3        EV: 12    Int: 16    God:
Gold:   35         SH:  0    Dex: 13    Spells: 3/4 levels left

rFire   . . .      SeeInvis .   e - +0 club
rCold   . . .      Faith    .   (no shield)
rNeg    . . .      Spirit   .   a - +0 robe
rPois   +          Reflect  .   (no helmet)
rElec   .          Harm     .   (no cloak)
rCorr   .          Rampage  .   (no gloves)
Will    .....                   (no boots)
Stlth   ++........              (no amulet)
HPRegen 0.04/turn               d - ring of poison resistance
MPRegen 0.08/turn               (no ring)

@: no status effects
A: no striking features
a: no special abilities


You were on level 1 of the Dungeon.
You visited 1 branch of the dungeon, and saw 1 of its levels.

You collected 35 gold pieces.

Inventory:

Hand Weapons
 e - a +0 club (weapon)
Armour
 a - a +0 robe (worn)
Jewellery
 d - a ring of poison resistance (left hand)
Scrolls
 c - a scroll of immolation {unknown}
Potions
 b - a potion of magic


   Skills:
 + Level 0.2 Fighting
 + Level 1.8 Dodging
 + Level 1.9 Stealth
 + Level 2.0 Spellcasting
 + Level 4.4 Necromancy


You had 3 spell levels left.
You knew the following spells:

 Your Spells              Type           Power      Damage    Failure   Level
a - Necrotise             Necr           60%        1d7       3%          1

Your spell library contained the following spells:

 Spells                   Type           Power      Damage    Failure   Level
 Vampiric Draining        Necr           15%        2d7       10%         3
 Animate Dead             Necr           15%        N/A       32%         4
 Agony                    Necr           15%        N/A       67%         5


Dungeon Overview and Level Annotations

Branches:
Dungeon (1/15)

Altars:


Message History

The bat barely misses your goblin skeleton.
The bat moves out of view.
You see here a +0 club.
e - a +0 club The bat barely misses you.
The bat barely misses you. The bat hits your goblin skeleton.
You swap places.
The bat hits you.
Your goblin skeleton closely misses the bat.
The gnoll hits your goblin skeleton with a +0 club.
The bat closely misses you.
The gnoll hits your goblin skeleton with a +0 club!
Your goblin skeleton is destroyed!
Casting: Necrotise (safe; 3% risk of failure)
Confirm with . or Enter, or press ? or * to list all spells.
Aiming: Necrotise (safe; 3% risk of failure)
Press: ? - help, Shift-Dir - straight line, f - bat
Aim: a bat (moderately wounded, chance to affect: 85%)
The bat writhes in agony!
You kill the bat!
The dead are flying!
Casting: Necrotise (safe; 3% risk of failure)
Confirm with . or Enter, or press ? or * to list all spells.
You don't have enough magic to cast this spell.
Unknown command.
e - a +0 club (weapon)
Your bat skeleton hits the gnoll but does no damage.
Magic courses through your body.
Your bat skeleton hits the gnoll but does no damage.
Your bat skeleton barely misses the gnoll. x2
The gnoll hits you with a +0 club.
Casting: Necrotise (safe; 3% risk of failure)
Confirm with . or Enter, or press ? or * to list all spells.
Aiming: Necrotise (safe; 3% risk of failure)
Press: ? - help, Shift-Dir - straight line, f - gnoll
Aim: a gnoll, wielding a +0 club (ally target, chance to affect: 79%)
The gnoll barely resists.
Your bat skeleton hits the gnoll.
Your bat skeleton hits the gnoll but does no damage.
The gnoll hits you with a +0 club!
Ouch! That really hurt!
You die...

.##......##.
.........!.
#.#......#
#.#......#
#.#......#
#........#
#......###
#.(Zg..# #...@..#
#......#
#####......#
#..........#
#..........# #
#..........##.#.##
#.....###.........
####### ##.####...
#..# #......


You could see a gnoll (ally target) and a friendly bat skeleton.

Vanquished Creatures
  A goblin (D:1)
  A hobgoblin (D:1)
  2 bats (D:1)
4 creatures vanquished.

Notes
Turn   | Place    | Note
-------+----------+-------------------------------------------
     0 | D:1      | mathmaestro the Demonspawn Necromancer began the quest for
                  | the Orb.
     0 | D:1      | Reached XP level 1. HP: 13/13 MP: 3/3
   125 | D:1      | Slain by a gnoll

Illustrated notes

Levels and vault maps discovered:
D:1:      amcnicky_arrival_feature_with_door, layout_basic,
          hellmonk_ecumenical_altar_defaced_shrine, dreamdust_wishing_well

Action                   || total
-------------------------++-------
 Cast: Necrotise         ||     7
  Use: Potion            ||     1
Dodge: Dodged            ||     5

Table legend: (Time is in decaauts)
 A = Elapsed time spent in this place.
 B = Non-inter-level travel time spent in this place.
 C = Inter-level travel time spent in this place.
 D = Time resting spent in this place.
 E = Time spent auto-exploring this place.
 F = Levels seen in this place.
 G = Mean time per level.
                   A        B        C        D        E       F      G
               +--------+--------+--------+--------+--------+-----+--------+
         Total |    124 |    124 |      0 |      0 |     92 |   1 |  124.0 |
       Dungeon |    124 |    124 |      0 |      0 |     92 |   1 |  124.0 |
               +--------+--------+--------+--------+--------+-----+--------+

Top non-repeatable levels by time:
     D:1: 124 daAuts
